 Dungeon Crawl Stone Soup version 0.27-a0-951-gae3e1deef5 (webtiles) character file.

Game seed: 5837669935872887486

4 Numeroid the Shield-Bearer (level 1, -3/22 HPs)
             Began as a Troll Fighter on Apr 11, 2021.
             Slain by a gnoll
             ... wielding a +0 flail
              (6 damage)
             ... on level 1 of the Dungeon.
             The game lasted 00:01:07 (97 turns).

Numeroid the Shield-Bearer (Troll Fighter)            Turns: 97, Time: 00:01:07

Health: -3/22      AC:  4    Str: 23    XL:     1   Next: 58%
Magic:  0/0        EV:  8    Int:  4    God:
Gold:   25         SH:  8    Dex:  9    Spells: 0/0 levels left

rFire    . . .     SeeInvis .     - Unarmed
rCold    . . .     Faith    .   b - +0 kite shield
rNeg     . . .     Spirit   .   a - +0 robe
rPois    .         Reflect  .   (helmet restricted)
rElec    .         Harm     .   (no cloak)
rCorr    .         Rampage  .   (gloves unavailable)
Will     .....                  (boots unavailable)
Stlth    +.........             (no amulet)
HPRegen  1.07/turn              (no ring)
MPRegen  0.07/turn              (no ring)

@: no status effects
A: large, unfitting armour, claws 3, regeneration 1, shaggy fur 1, tough skin 1
a: no special abilities


You were on level 1 of the Dungeon.
You visited 1 branch of the dungeon, and saw 1 of its levels.

You collected 25 gold pieces.

Inventory:

Armour
 a - a +0 robe (worn)
 b - a +0 kite shield (worn)
Scrolls
 e - a scroll of torment {unknown}
 f - a scroll of amnesia {unknown}
Potions
 c - a potion of might
 d - a potion of resistance {unknown}


   Skills:
 + Level 2.5 Fighting
 + Level 2.5 Dodging
 + Level 2.5 Shields
 + Level 2.0 Unarmed Combat


You couldn't memorise any spells.
You didn't know any spells.
Your spell library was empty.

Dungeon Overview and Level Annotations

Branches:
Dungeon (1/15)

Altars:


Innate Abilities, Weirdness & Mutations

You are too large for most types of armour.
You have claws for hands.
Your natural rate of healing is unusually fast.
You are covered in fur. (AC +1)
You have tough skin. (AC +1)


Message History

You see here a ball python corpse.
You see here a scroll labelled AFOITI GOONK.
You see here a ball python corpse.
You see here a ball python corpse.
You see here a scroll labelled AFOITI GOONK.
f - a scroll labelled AFOITI GOONK The goblin hits you with a +0 club.
You see here a ball python corpse.
You barely miss the goblin. The goblin hits you with a +0 club.
You barely miss the goblin. The goblin hits you but does no damage.
You claw the goblin!
You kill the goblin!
You now have 25 gold pieces (gained 9).
Things that are here:
a +0 club; a goblin corpse; a ball python corpse
Found 19 stones.
A gnoll comes into view. It is wielding a +0 spear.
The gnoll shouts!
You hear a shout!
A gnoll comes into view. It is wielding a +0 flail.
Found a dagger.
You block the gnoll's attack. You block the gnoll's attack.
A kobold comes into view. It is wielding a +0 club.
The gnoll hits you from afar with a +0 spear.
You barely miss the gnoll. The gnoll hits you with a +0 flail!
The gnoll hits you from afar with a +0 spear.
You barely miss the gnoll. The gnoll hits you with a +0 flail.
* * * LOW HITPOINT WARNING * * *
The gnoll hits you from afar with a +0 spear.
* * * LOW HITPOINT WARNING * * *
The gnoll closely misses you.
You scratch the gnoll but do no damage. You block the gnoll's attack.
You claw the gnoll!
The gnoll is severely wounded.
A goblin comes into view. It is wielding a +0 club.
The gnoll hits you from afar with a +0 spear.
* * * LOW HITPOINT WARNING * * *
The gnoll barely misses you. The gnoll hits you with a +0 flail.
You die...

#...K..# #...##..#.#.....
#.....)# ####............
#......#####..†..####.....#
#......##.#...#### #.....##
#......##....## #.######
#......#..)..#######
#(...g.###........
#..gg.####.>.
#####@.....#.# #.#..### #
........ ..........
#.....####. #......
......## ########


You could see 2 gnolls and a goblin.

Vanquished Creatures
  2 ball pythons (D:1)
  A goblin (D:1)
  A jackal (D:1)
4 creatures vanquished.

Notes
Turn   | Place    | Note
-------+----------+-------------------------------------------
     0 | D:1      | Numeroid the Troll Fighter began the quest for the Orb.
     0 | D:1      | Reached XP level 1. HP: 22/22 MP: 0/0
    95 | D:1      | HP: 1/22 [gnoll/+0 spear (6)]
    97 | D:1      | Slain by a gnoll

Illustrated notes

Levels and vault maps discovered:
D:1:      dpeg_arrival_arbitrary_a, layout_rooms

Action                   || total
-------------------------++-------
Melee: Unarmed           ||    13
Armor: Robe              ||     2
Dodge: Dodged            ||     3
Block: Kite shield       ||     5

Table legend: (Time is in decaauts)
 A = Elapsed time spent in this place.
 B = Non-inter-level travel time spent in this place.
 C = Inter-level travel time spent in this place.
 D = Time resting spent in this place.
 E = Time spent auto-exploring this place.
 F = Levels seen in this place.
 G = Mean time per level.
                   A        B        C        D        E       F      G
               +--------+--------+--------+--------+--------+-----+--------+
         Total |     99 |     96 |      3 |      0 |      0 |   1 |   99.0 |
       Dungeon |     99 |     96 |      3 |      0 |      0 |   1 |   99.0 |
               +--------+--------+--------+--------+--------+-----+--------+

Top non-repeatable levels by time:
     D:1: 99 daAuts
